 Dungeon Crawl Stone Soup version 0.23.1 (webtiles) character file.

Game seed: 17448737400624623749

2569 Laiders72 the Blocker (level 9, 0/82 HPs)
             Began as a Deep Dwarf Fighter on Mar 6, 2019.
             Was an Initiate of Makhleb.
             Slain by a two-headed ogre
             ... wielding a +0 giant club
              (22 damage)
             ... on level 8 of the Dungeon.
             The game lasted 00:19:31 (6435 turns).

Laiders72 the Blocker (Deep Dwarf Fighter)          Turns: 6435, Time: 00:19:32

Health: 0/82       AC: 14    Str: 23    XL:     9   Next: 31%
Magic:  6/6        EV:  5    Int:  9    God:    Makhleb [......]
Gold:   392        SH: 11    Dex: 12    Spells: 8/8 levels left

rFire    . . .     SeeInvis .   x - +1 morningstar
rCold    . . .     Gourm    .   c - +0 shield
rNeg     + . .     Faith    .   t - +0 plate armour
rPois    .         Spirit   .   b - +1 hat
rElec    .         Reflect  .   r - scarf {repulsion}
rCorr    +         Harm     .   (no gloves)
MR       +....                  (no boots)
Stlth    ..........             (no amulet)
HPRegen  0.00/turn              h - ring of positive energy
MPRegen  0.10/turn              u - ring of resist corrosion

@: non-regenerating, repel missiles
A: damage resistance, heal wounds, sense surroundings 2, no regeneration
a: Heal Wounds, Renounce Religion


You were on level 8 of the Dungeon.
You worshipped Makhleb.
Makhleb was noncommittal.
You were not hungry.

You visited 2 branches of the dungeon, and saw 9 of its levels.

You collected 392 gold pieces.

Inventory:

Hand Weapons
 x - a +1 morningstar (weapon)
Missiles
 e - 15 tomahawks (quivered)
 m - 42 bolts
Armour
 b - a +1 hat (worn)
 c - a +0 shield (worn)
 r - a scarf of repulsion (worn)
 t - a +0 plate armour (worn)
Jewellery
 h - a ring of positive energy (left hand)
 u - a ring of resist corrosion (right hand)
Wands
 l - a wand of iceblast (9)
Scrolls
 a - a scroll of vulnerability {unknown}
 g - 2 scrolls of enchant weapon
 o - 2 scrolls of magic mapping
 p - 2 scrolls of remove curse
 s - 5 scrolls of identify
 v - a scroll of fog {unknown}
 y - a scroll of teleportation {unknown}
 z - a scroll of random uselessness {unknown}
 B - a scroll of fear {unknown}
Potions
 d - a potion of might
 i - 5 potions of curing {unknown}
 j - a potion of agility {unknown}
 k - a potion of degeneration {unknown}
 n - 3 potions of heal wounds {unknown}
 q - a potion of invisibility {unknown}
 w - a potion of mutation {unknown}
 A - 3 potions of cancellation {unknown}
Comestibles
 f - 12 rations
 C - 3 chunks of flesh


   Skills:
 - Level 6.0 Fighting
 - Level 6.0 Maces & Flails
 + Level 8.2 Armour
 + Level 8.2 Shields


You had 8 spell levels left.
You didn't know any spells.
Your spell library contained the following spells:

 Spells                   Type           Power        Failure   Level  Hunger
 Summon Small Mammal      Summ           #...         100%        1    ##.....
 Call Imp                 Summ           #.......     100%        2    ###....
 Call Canine Familiar     Summ           #.......     100%        3    ####...
 Summon Guardian Golem    Hex/Summ       #.......     100%        3    ####...
 Summon Ice Beast         Ice/Summ       #.......     100%        4    #####..
 Summon Lightning Spire   Summ/Air       #.......     100%        4    #####..


Dungeon Overview and Level Annotations

Branches:
Dungeon (8/15)             Temple (1/1) D:6
   Lair: D:8-11

Altars:
Ashenzari
Cheibriados
Dithmenos
Elyvilon
Gozag
Makhleb
Okawaru
Qazlal
Ru
Sif Muna
Trog
Uskayaw
Wu Jian
Xom
Yredelemnul
Zin

Annotations:
D:7 2 transporters, Curus's ghost, novice MiBe


Innate Abilities, Weirdness & Mutations

You are resistant to damage.
You can heal yourself by infusing magical energy.
You passively map the area around you.
You do not regenerate.


Message History

You now have 392 gold pieces (gained 9).
Found a longbow.
Found a club.
You see here a club.
A two-headed ogre comes into view.
It is wielding a +0 giant club and a +0 giant spiked club.
Evoke which item? (* to show all) (? for menu, Esc to quit)
Aiming: Iceblast
Press: ? - help, Shift-Dir - straight line The mass of ice explodes!
The iceblast engulfs the two-headed ogre!
The two-headed ogre is lightly wounded.
Evoke which item? (* to show all) (? for menu, Esc to quit)
Aiming: Iceblast
Press: ? - help, Shift-Dir - straight line The mass of ice explodes!
The iceblast engulfs the two-headed ogre!
The two-headed ogre is moderately wounded.
The two-headed ogre hits you with a +0 giant club.
The two-headed ogre hits you with a +0 giant spiked club!!
You die...

, ,,, , #.## #...).)...# ,
,......., ##.## ###.......# ,
....... ##..## ###.....# ,,
....... * ##....### ###..## ,
..O.... ,##.......## ##..## *
....... ##.........#####....#
*
.......##...................#
*#.....#...................##
* *#.....O@.........#####
#...##..............##
*#...####..............#
#...# ##............## #...#
##...........# #..##
##.........## ***..#
##.....#### .# ##....##
##....##


You could see a two-headed ogre.

Vanquished Creatures
  Grinder (D:6)
  An orc warrior (D:8)
  3 sky beasts (D:5)
  2 ice beasts (D:6)
  A black bear (D:7)
  3 centaurs
  A bullfrog (D:6)
  A gnoll sergeant (D:5)
  2 bullfrog zombies
  3 crimson imps
  7 gnoll shamans (D:5)
  2 orc priests
  A hound (D:6)
  2 jellies
  Jessica (D:2)
  6 orc wizards
  4 worker ants
  A killer bee zombie (D:5)
  A hound skeleton (D:7)
  28 gnolls (D:5)
  A howler monkey skeleton (D:5)
  7 adders
  2 shadow imps (D:5)
  3 oozes
  4 worms
  2 dart slugs
  5 leopard geckos
  31 orcs
  3 giant cockroaches
  4 goblins
  7 hobgoblins
  26 jackals
  7 kobolds
  5 quokkas
  5 bats
  4 frilled lizards
  2 leopard gecko skeletons
  4 rats
  A plant (D:1)
194 creatures vanquished.

Notes
Turn   | Place    | Note
-------+----------+-------------------------------------------
     0 | D:1      | Laiders72 the Deep Dwarf Fighter began the quest for the
                  | Orb.
     0 | D:1      | Reached XP level 1. HP: 20/20 MP: 1/1
   304 | D:1      | Reached XP level 2. HP: 23/28 MP: 2/2
   939 | D:2      | Noticed Jessica
   941 | D:2      | Killed Jessica
   941 | D:2      | Reached XP level 3. HP: 9/34 MP: 3/3
  1064 | D:2      | Found a faded altar of an unknown god.
  1064 | D:2      | Found a hide-covered altar of Uskayaw.
  1069 | D:2      | Found a deep blue altar of Sif Muna.
  1071 | D:2      | Found a bloodstained altar of Trog.
  1073 | D:2      | Found a snail-covered altar of Cheibriados.
  1140 | D:2      | Reached XP level 4. HP: 12/44 MP: 4/4
  1424 | D:2      | Found a faded altar of an unknown god.
  1838 | D:3      | Reached XP level 5. HP: 26/50 MP: 4/4
  2100 | D:3      | You fall through a shaft for 2 floors!
  2100 | D:5      | Entered Level 5 of the Dungeon
  2413 | D:5      | Noticed a sky beast
  2434 | D:5      | HP: 1/51 [something (3)]
  2439 | D:5      | Killed a sky beast
  2439 | D:5      | Reached XP level 6. HP: 22/60 MP: 5/5
  2475 | D:5      | Reached skill level 5 in Fighting
  2496 | D:5      | Reached skill level 5 in Maces & Flails
  2648 | D:5      | Noticed a sky beast
  2673 | D:5      | Killed a sky beast
  2673 | D:5      | Reached XP level 7. HP: 28/67 MP: 6/6
  3524 | D:5      | Reached XP level 8. HP: 44/76 MP: 7/7
  3607 | D:5      | Reached skill level 5 in Armour
  3607 | D:5      | Reached skill level 5 in Shields
  4216 | D:4      | Found an opulent altar of Gozag.
  4236 | D:4      | Found a shadowy altar of Dithmenos.
  4247 | D:4      | Found a basalt altar of Yredelemnul.
  4254 | D:4      | Found a white marble altar of Elyvilon.
  4263 | D:4      | Found a glowing silver altar of Zin.
  4270 | D:4      | Found an ornate altar of the Wu Jian Council.
  4275 | D:4      | Found a stormy altar of Qazlal.
  5119 | D:6      | Noticed Grinder
  5132 | D:6      | Paralysed by Grinder for 6 turns
  5141 | D:6      | Paralysed by Grinder for 4 turns
  5150 | D:6      | Killed Grinder
  5150 | D:6      | Gained mutation: You passively map the area around you.
                  | [Deep Dwarf growth]
  5150 | D:6      | Reached XP level 9. HP: 37/82 MP: 7/7
  5190 | D:6      | Found a staircase to the Ecumenical Temple.
  5197 | Temple   | Entered the Ecumenical Temple
  5245 | Temple   | Became a worshipper of Makhleb the Destroyer
  5749 | D:7      | Found a transporter.
  5814 | D:7      | Found a transporter.
  5814 | D:7      | Noticed Curus's ghost (novice MiBe)
  5829 | D:7      | Got a brightly glowing falchion
  5831 | D:7      | Identified the cursed +2 falchion of Cowardice {slice,
                  | +Rage rPois} (You found it on level 7 of the Dungeon)
  6327 | D:8      | HP: 3/82 [orc warrior/+0 battleaxe (8)]
  6423 | D:8      | Noticed a two-headed ogre
  6435 | D:8      | Slain by a two-headed ogre

Skill      XL: |  1  2  3  4  5  6  7  8  9 |
---------------+----------------------------+-----
Fighting       | 3 4 5 6 |  6.0
Maces & Flails | 3 4 5 6 |  6.0
Shields        | 4 7 8 |  8.2
Armour         | 4 7 8 |  8.2

Action                   |  1- 3 |  4- 6 |  7- 9 || total
-------------------------+-------+-------+-------++-------
Melee: Flail             |   117 |   319 |    92 ||   528
       Morningstar       |       |       |   388 ||   388
       Falchion          |       |       |     5 ||     5
 Abil: Heal Wounds       |       |     3 |    15 ||    18
Evoke: Wand              |       |       |     2 ||     2
  Use: Scroll            |       |     1 |     6 ||     7
  Eat: Chunk             |     1 |     5 |    14 ||    20
Armor: Scale mail        |    33 |    45 |       ||    78
       Plate armour      |       |   189 |   493 ||   682
Dodge: Dodged            |    18 |    55 |   130 ||   203
       Deflected         |       |     1 |     1 ||     2
Block: Shield            |    50 |   149 |   426 ||   625
